[Event "Oceania Zonal Women 2023"]
[Site "Melbourne"]
[Date "2023.01.24"]
[Round "2.1"]
[White "Ryjanova, Julia"]
[Black "Gratchev, Ekaterina"]
[Result "1-0"]
[ECO "A58"]
[WhiteElo "2288"]
[BlackElo "1628"]
[Annotator "TA"]
[PlyCount "109"]
[EventDate "2023.01.09"]
[EventType "swiss"]
[EventCountry "AUS"]
[SourceTitle "playchess.com"]
[Source "ChessBase"]
[SourceQuality "1"]
[TimeControl "5400+30"]

1. d4 Nf6 2. c4 c5 3. d5 b5 4. cxb5 a6 5. bxa6 g6 6. Nc3 {[%emt 0:00:34] A58: Benko/Volga Gambit: Lines with 5 bxa6.} Bg7 7. e4 {[%emt 0:25:40] Hoping for e5.} O-O 8. Nf3 {[%emt 0:03:11] White is slightly better.} Qa5 9. Nd2 Bxa6 10. Be2 d6 11. O-O Nbd7 12. a4 Rfb8 13. Ra3 Ne8 (13... Bxe2 $11 {remains equal.} 14. Qxe2 Nb6) 14. Nb5 Qd8 15. b3 {[%emt 0:12:24] [#]} Rb6 $146 ({Predecessor:} 15... Nc7 16. Nxc7 Qxc7 17. Bxa6 Rxa6 18. Nc4 Ne5 19. Qc2 Nxc4 20. Qxc4 Rab6 21. a5 Rb4 22. Qc2 Qb7 23. Bd2 Rxb3 24. a6 Qb5 25. Rxb3 Qxb3 26. a7 {1-0 Pubantz,J (2295)-Weishaeutel,M (2222) GER-chT Lands U20 2020 (4.2)}) 16. Bc4 Rab8 17. Na7 Bb7 {[%emt 0:05:35] Dodges Nc6} 18. Bb5 (18. a5 $142 Rb4 19. Nf3) 18... Nc7 $2 {[%emt 0:09:32] [#] A mistake that costs the game.} (18... Ra8 $16 {keeps fighting.}) 19. Nc4 $1 $18 {[%emt 0:01:28] Bxd7 would be deadly.} ({Not} 19. Nc6 Bxc6 20. Bxc6 (20. dxc6 Ne5 $11) 20... Ra6 $16) 19... Nxb5 (19... Ra6 {is a better defense.}) 20. axb5 ({Less strong is} 20. Nxb5 Ra6 $16) 20... Nf6 21. f3 e6 22. dxe6 fxe6 23. e5 Nd5 24. exd6 ({Resist} 24. Nxd6 Rxd6 25. exd6 Qxd6) 24... Bd4+ 25. Kh1 Ra8 $2 (25... Rxd6 {was necessary.} 26. Nxd6 Qxd6) 26. Qe2 Rxd6 27. Nxd6 Qxd6 {[%emt 0:00:10] [#]} 28. Nc6 $1 {[%emt 0:01:30] Against Rb8} Bxc6 29. bxc6 Rxa3 30. Bxa3 Qxc6 31. Bc1 Nc3 32. Qc4 {[%emt 0:00:25] Strongly threatening Bb2.} Kg7 $2 (32... Nd5 33. Re1 Kf7) 33. Bb2 Qd5 34. Bxc3 Qxc4 35. bxc4 {[%emt 0:00:08] White threatens Bxd4+ and mate.} Bxc3 {[%emt 0:00:15][%mdl 4096] Endgame KR-KB} 36. Rd1 Kf6 37. g3 h5 38. Kg2 g5 39. Rd7 e5 $2 (39... Be5 40. Kf2 Bd4+ 41. Ke2 Bg1) 40. Rh7 Kg6 41. Rc7 Bd4 42. Rc6+ Kg7 43. h3 Be3 44. Kf1 g4 45. hxg4 {[%emt 0:00:23] White mates.} hxg4 46. Ke2 Bd4 47. fxg4 Kf7 48. Kf3 Ke7 49. Ke4 Kf7 50. Kf5 Kg7 51. g5 Kf7 52. Rc7+ Kf8 53. g6 Kg8 54. Re7 Kf8 55. Rxe5 {[%emt 0:00:33] Weighted Error Value: White=0.16 (very precise) /Black=0.41} 1-0

[Event "Oceania Zonal Women 2023"]
[Site "Melbourne"]
[Date "2023.01.24"]
[Round "2.2"]
[White "Punsalan, Vyanla M"]
[Black "Shen, Fiona"]
[Result "1-0"]
[ECO "B22"]
[WhiteElo "1989"]
[BlackElo "1625"]
[Annotator "TA"]
[PlyCount "79"]
[EventDate "2023.01.09"]
[EventType "swiss"]
[EventCountry "AUS"]
[SourceTitle "playchess.com"]
[Source "ChessBase"]
[SourceQuality "1"]
[TimeControl "5400+30"]

1. e4 c5 2. c3 d5 3. exd5 Qxd5 4. d4 Nf6 5. Nf3 e6 6. Be2 Be7 7. O-O O-O 8. Ne5 Rd8 {[%emt 0:17:37][%cal Rc5d4] B22: Sicilian: 2 c3.} 9. Bf3 Qd6 10. Na3 cxd4 {[%emt 0:09:05] The position is equal.} 11. cxd4 Nd5 {[%emt 0:06:32] [#]} 12. Bh5 $146 {[%emt 0:10:18] Threatens to win with Nac4.} ({Predecessor:} 12. Nb5 Qb6 13. a4 Bd7 14. Nc3 Bc6 15. a5 Qc7 16. Nxd5 Bxd5 17. Bxd5 Rxd5 18. Qf3 {½-½ Cemborain Oricain,A (1927)-Huarte Zozaya,A (1789) Navarra-ch Pamplona 2017 (3)}) 12... Rf8 13. Bxf7+ {[%emt 0:03:09][%mdl 64] Decoy} Rxf7 14. Nxf7 Kxf7 15. Qh5+ Kf8 16. Nc4 Qd8 $1 {[%emt 0:03:19] ...Kg8 would be deadly.} 17. Qxh7 ({Much weaker is} 17. Ne5 Kg8 $15) 17... Nc6 $1 18. Ne5 Bf6 $2 {[%emt 0:11:36] [#]} (18... Nxe5 $11 19. dxe5 Kf7) 19. Re1 $40 {[%emt 0:08:14][%mdl 128] White is out for blood.} (19. Rd1 $1 $18) 19... Nxd4 $2 {[%emt 0:07:21][%mdl 8192] [#] This costs Black the game.} (19... Bxe5 $16 20. dxe5 Kf7) 20. Bg5 $1 $18 Nf5 (20... Qe8 21. Qh8+) 21. Qh8+ Ke7 22. Bxf6+ Nxf6 23. Ng6+ Kd7 24. Rad1+ {[%emt 0:00:14][%mdl 64] Skewer. White mates.} Nd5 {[%emt 0:00:12] [#]} 25. Rxd5+ $1 exd5 26. Ne5+ Kc7 27. Rc1+ Kd6 28. Nf7+ Ke7 29. Qxd8+ Kxf7 30. Rc7+ Kg6 31. g4 Nd4 32. Qf8 Bd7 33. Qxa8 Bxg4 34. Qe8+ Kf5 35. Rf7+ Kg5 36. Rxg7+ Kf4 37. Qe3+ Kf5 38. Rg5+ Kf6 39. Qe5+ Kf7 40. Rg7+ {[%emt 0:00:10] Magnificent play by Punsalan!   Weighted Error Value: White=0.05 (flawless) /Black=0.34} 1-0

[Event "Oceania Zonal Women 2023"]
[Site "Melbourne"]
[Date "2023.01.24"]
[Round "2.3"]
[White "Van Sebille, Sulia"]
[Black "Zhang, Jasmine Haomo"]
[Result "0-1"]
[ECO "B51"]
[WhiteElo "1585"]
[BlackElo "1949"]
[Annotator "TA"]
[PlyCount "80"]
[EventDate "2023.01.09"]
[EventType "swiss"]
[EventCountry "AUS"]
[SourceTitle "playchess.com"]
[Source "ChessBase"]
[SourceQuality "1"]
[TimeControl "5400+30"]

1. e4 c5 2. Nf3 d6 3. Bb5+ Nd7 4. O-O a6 5. Bd3 Ngf6 6. c3 {[%emt 0:01:19] B51: Sicilian: Moscow Variation (3 Bb5+) without 3...Bd7.} b5 7. Bc2 c4 8. d4 {[%emt 0:06:57] e5 would be deadly. White is slightly better.} cxd3 9. Qxd3 Bb7 10. Qe2 e6 {[%emt 0:02:12] [#]} 11. Bg5 $146 ({Predecessor:} 11. Rd1 Be7 12. Nbd2 Qc7 13. Nf1 O-O 14. Ng3 Rfd8 15. a4 bxa4 16. Rxa4 Nc5 17. Ra1 {1-0 Zhou,L (2018)-Garcia Prada,A (1940) Collado Villalba op 38th 2021 (9)}) 11... Be7 12. Nbd2 Qc7 13. Rfc1 O-O 14. h3 Rac8 15. a4 bxa4 16. Bxa4 Nc5 17. Bc2 d5 (17... h6 $11 {keeps the balance.} 18. Bxf6 Bxf6) 18. e5 $16 Nfe4 19. Bxe7 Qxe7 20. Nxe4 dxe4 21. Nd2 Rfd8 {[%emt 0:08:47] [#]} 22. Nxe4 (22. Rd1 $1 $16) 22... Bxe4 $11 23. Bxe4 Nb3 $1 24. Bxh7+ $1 {[%emt 0:05:34][%mdl 64] Decoy} Kf8 $1 {[%emt 0:00:05] aiming for ...g6.} 25. Bc2 {[%emt 0:00:58] Wards off g6} Nxc1 26. Rxc1 {[%emt 0:00:58] [#]} (26. Qh5 $1 $11 Qb7 27. Qh8+ Ke7 28. Qh4+ Kf8 29. Qh8+ Ke7 30. Qh4+ Kf8 31. Qh8+) 26... Qg5 $1 $17 27. Ra1 {[%emt 0:05:43] [#]} a5 $1 {[%emt 0:02:56][%mdl 1536] Black has strong compensation.} 28. Qe4 (28. Rxa5 $2 {perishes.} Qc1+ 29. Kh2 Qf4+ 30. g3 Qd2 31. Qxd2 Rxd2 $19) (28. Bd3 Rc5) 28... Rd5 29. f4 {[%emt 0:01:36] White does not recover from this.} (29. Re1 $17 {was worth a try.}) 29... Qg3 $19 30. Re1 $2 (30. Qf3 Qxf3 31. gxf3) 30... Rd2 31. Rf1 {[%emt 0:01:32] Prevents Qf2+.} (31. Re2 $142 Rxe2 32. Qxe2 Qxf4 33. Qd1) 31... g6 {[%emt 0:03:48][%cal Oc8c4] And now ...Rc4! would win.} 32. Bb1 Rxb2 33. c4 {[%emt 0:02:23] [#]} Rxc4 $3 {[%emt 0:01:30][%mdl 576] Deflection} 34. Qf3 (34. Qa8+ Kg7) 34... Qxf3 35. gxf3 {[%emt 0:00:08][%mdl 4096] Endgame KRR-KRB} a4 36. Bd3 Rc3 {[%emt 0:00:36] Black mates.} 37. Be4 a3 38. Ra1 a2 39. Kf1 Rcb3 40. Kg1 Rb1+ {[%emt 0:00:17] Artfully played by Zhang.   Weighted Error Value: White=0.89/Black=0.06 (flawless)} 0-1

[Event "Oceania Zonal Women 2023"]
[Site "Melbourne"]
[Date "2023.01.24"]
[Round "2.4"]
[White "Vincent Alaina"]
[Black "Anton, Sarah"]
[Result "1-0"]
[ECO "B29"]
[WhiteElo "1897"]
[BlackElo "1578"]
[Annotator "NA COMBH"]
[PlyCount "148"]
[EventDate "2023.01.09"]
[EventType "swiss"]
[EventCountry "AUS"]
[SourceTitle "playchess.com"]
[Source "ChessBase"]
[SourceQuality "1"]
[TimeControl "5400+30"]

1. e4 c5 2. Nf3 Nf6 3. Nc3 d5 4. Bb5+ Nc6 5. e5 Nd7 6. Nxd5 Ndxe5 7. Ne3 Bd7 8. Nxe5 Nxe5 9. Bxd7+ Qxd7 10. b3 e6 11. Bb2 Nc6 12. O-O h5 13. Re1 O-O-O 14. Qf3 Nd4 15. Bxd4 cxd4 16. Nc4 f6 17. a4 e5 18. a5 Qd5 19. Qf5+ Qd7 20. Qd3 Bc5 21. b4 Bd6 22. a6 b6 23. c3 dxc3 24. Qxc3 Kb8 25. Qf3 Bxb4 26. Nxb6 axb6 27. a7+ Qxa7 28. Rxa7 Kxa7 29. Ra1+ Ba5 30. Qc6 Rb8 31. g3 h4 32. g4 Rb7 33. h3 Rd8 34. Qb5 Rdd7 35. g5 Kb8 36. d3 Bc3 37. Ra6 Bd4 38. gxf6 gxf6 39. Qc6 f5 40. Qe6 f4 41. Qe8+ Kc7 42. Qh5 Rg7+ 43. Kf1 Kc6 44. Qxh4 Kc5 45. Qf6 Rgc7 46. Qf8+ Kb5 47. Ra2 Rc1+ 48. Kg2 Rbc7 49. Qe8+ R1c6 50. Rc2 Rc8 51. Qd7 R8c7 52. Qd5+ Rc5 53. Qb3+ Kc6 54. Rxc5+ Kxc5 55. h4 Kd6 56. h5 Rc3 57. Qd1 Ke7 58. h6 Rc6 59. Qh5 Rc2 60. Qh4+ Kf7 61. Qh5+ Kf8 62. Qf5+ Kg8 63. Qg6+ Kf8 64. Qg7+ Ke8 65. Qg8+ Ke7 66. Kf3 Rxf2+ 67. Ke4 Re2+ 68. Kd5 Rh2 69. Qg7+ Kd8 70. Kd6 Bc5+ 71. Kxe5 Ke8 72. h7 Bf8 73. Qg6+ Kd8 74. Qf6+ Ke8 1-0

[Event "Oceania Zonal Women 2023"]
[Site "Melbourne"]
[Date "2023.01.24"]
[Round "2.5"]
[White "Quek, Shi Ning Kristine"]
[Black "Fan, Chloe"]
[Result "0-1"]
[ECO "C54"]
[WhiteElo "1807"]
[BlackElo "1554"]
[Annotator "NA COMBH"]
[PlyCount "74"]
[EventDate "2023.01.09"]
[EventType "swiss"]
[EventCountry "AUS"]
[SourceTitle "playchess.com"]
[Source "ChessBase"]
[SourceQuality "1"]
[TimeControl "5400+30"]

1. e4 e5 2. Nf3 Nc6 3. Bc4 Bc5 4. c3 Nf6 5. d4 exd4 6. cxd4 Bb4+ 7. Nc3 Nxe4 8. O-O Bxc3 9. d5 Ne5 10. bxc3 Nxc4 11. Qd4 O-O 12. Qxe4 Nd6 13. Qg4 f5 14. Qf4 Ne4 15. Bb2 b6 16. c4 Ba6 17. Rac1 Rc8 18. Rfd1 Qe7 19. Rd3 Qd6 20. Ne5 Rce8 21. h4 Rf7 22. Rf3 Rff8 23. h5 Qf6 24. Re3 Qd6 25. Rh3 Re7 26. f3 Qc5+ 27. Kh2 Qf2 28. Nd3 Qe2 29. fxe4 fxe4 30. Qg5 exd3 31. Rg3 d2 32. Bxg7 dxc1=Q 33. Qxc1 Rxg7 34. Rxg7+ Kxg7 35. Qg5+ Kh8 36. h6 Qb2 37. Qe7 Qf6 0-1

[Event "Oceania Zonal Women 2023"]
[Site "Melbourne"]
[Date "2023.01.24"]
[Round "2.6"]
[White "O'Carroll, Om"]
[Black "Cheng, Chao Xin"]
[Result "0-1"]
[ECO "B53"]
[WhiteElo "1525"]
[BlackElo "1806"]
[Annotator "NA COMBH"]
[PlyCount "124"]
[EventDate "2023.01.09"]
[EventType "swiss"]
[EventCountry "AUS"]
[SourceTitle "playchess.com"]
[Source "ChessBase"]
[SourceQuality "1"]
[TimeControl "5400+30"]

1. e4 c5 2. Nf3 d6 3. d4 cxd4 4. Qxd4 Nc6 5. Qe3 a6 6. Be2 Nf6 7. O-O Qc7 8. c4 e6 9. Nc3 Be7 10. b3 O-O 11. Bb2 Ng4 12. Qd2 Nge5 13. Nxe5 dxe5 14. Rad1 Rb8 15. a3 Na5 16. Qc2 b6 17. Nb1 Bb7 18. Nd2 f5 19. Bd3 f4 20. Nf3 Nc6 21. b4 Bf6 22. c5 b5 23. Qb3 Bc8 24. Be2 Nd8 25. Bc3 Nf7 26. a4 Re8 27. axb5 axb5 28. Ra1 Bd7 29. Ra5 g5 30. h3 Kg7 31. Nh2 Nh6 32. Rfa1 Bc6 33. Bd3 Rb7 34. Bc2 Nf7 35. Ra8 Re7 36. Qb2 h5 37. R8a6 Rb8 38. Ra7 Qd8 39. Nf3 Rxa7 40. Rxa7 Ra8 41. Rxa8 Qxa8 42. Bxe5 Nxe5 43. Nxe5 Bxe4 44. Bb3 Bxg2 45. Bxe6 Bd5 46. Bd7 Qb8 47. c6 Qxe5 48. Qc2 Qc7 49. Qc5 Bc4 50. h4 Bd8 51. hxg5 f3 52. Qd4+ Kg6 53. Qe4+ Kxg5 54. Qf5+ Kh6 55. Qf8+ Kg6 56. Qf5+ Kg7 57. Qxf3 Qe5 58. Qg2+ Kf6 59. Qf3+ Ke7 60. Qg2 Qe1+ 61. Kh2 Bc7+ 62. Kh3 Bf1 0-1